 Dungeon Crawl Stone Soup version 0.28.0-49-g6dfe1f597d (webtiles) character file.

Game seed: 16110019996096867757

1612 pkoi the Conjurer (level 8, -12/60 HPs)
             Began as a Demigod Conjurer on May 12, 2022.
             Mangled by a two-headed ogre
             ... wielding a +0 giant spiked club
              (17 damage)
             ... on level 6 of the Dungeon.
             The game lasted 00:12:19 (8971 turns).

pkoi the Conjurer (Demigod Conjurer)                Turns: 8971, Time: 00:12:20

Health: -12/60     AC: 12    Str:  8    XL:     8   Next: 37%
Magic:  12/15      EV: 10    Int: 28    God:
Gold:   249        SH:  0    Dex: 12    Spells: 0/13 levels left

rFire   . . .      SeeInvis .   j - +1 dagger (venom)
rCold   . . .      Faith    .   (no shield)
rNeg    . . .      Spirit   .   i - +3 ring mail {rPois}
rPois   +          Reflect  .   h - +1 helmet
rElec   .          Harm     .   r - +0 cloak
rCorr   .          Rampage  .   (no gloves)
Will    .....                   (no boots)
Stlth   +.........              g - amulet of the acrobat
HPRegen 0.20/turn               (no ring)
MPRegen 0.14/turn               (no ring)

@: no status effects
A: high MP 1, forlorn, divine attributes
a: no special abilities


You were on level 6 of the Dungeon.
You visited 2 branches of the dungeon, and saw 7 of its levels.

You collected 249 gold pieces.

Inventory:

Hand Weapons
 b - a +0 club
 c - a +4 short sword
 d - a +2 dagger of flaming
 j - a +1 dagger of venom (weapon)
Missiles
 w - a curare-tipped dart
Armour
 a - a +0 robe
 h - a +1 helmet (worn)
 i - a +3 ring mail of poison resistance (worn)
 n - the +3 kite shield "Qicoq" {Str+3}
   (You found it on level 3 of the Dungeon)

   Str:       It affects your strength (+3).
 r - a +0 cloak (worn)
Magical Staves
 l - a staff of death
Jewellery
 g - an amulet of the acrobat (around neck)
Wands
 m - a wand of iceblast (10)
 o - a wand of charming (12)
 x - a wand of mindburst (13)
Scrolls
 f - a scroll of fog
 k - 3 scrolls of teleportation
 q - a scroll of identify
 u - a scroll of blinking {unknown}
Potions
 e - 2 potions of curing
 p - 2 potions of heal wounds
 s - 2 potions of haste
 t - 2 potions of invisibility
 v - a potion of flight


   Skills:
 - Level 1.7 Fighting
 + Level 5.3 Armour
 - Level 2.7 Dodging
 - Level 1.7 Stealth
 - Level 3.0 Spellcasting
 + Level 6.3 Conjurations
 + Level 1.0 Translocations
 - Level 1.3 Transmutations
 - Level 1.4 Fire Magic
 - Level 2.2 Air Magic
 - Level 2.2 Poison Magic
 - Level 1.7 Evocations


You couldn't memorise any spells.
You knew the following spells:

 Your Spells              Type           Power      Damage    Failure   Level
a - Magic Dart            Conj           100%       1d8       1%          1
b - Searing Ray           Conj           78%        2d7       2%          2
c - Mephitic Cloud        Conj/Pois/Air  24%        N/A       16%         3
d - Ignite Poison         Fire/Tmut/Pois 13%        N/A       32%         3
e - Iskenderun's Mystic   Conj/Tloc      25%        2d7       43%         4

Your spell library contained the following spells:

 Spells                   Type           Power      Damage    Failure   Level
 Dazzling Flash           Conj/Hex       44%        N/A       19%         3
 Summon Small Mammal      Summ           16%        N/A       22%         1
 Call Imp                 Summ           4%         N/A       32%         2
 Fulminant Prism          Conj/Hex       11%        3d9       52%         4
 Call Canine Familiar     Summ           4%         N/A       54%         3
 Summon Guardian Golem    Hex/Summ       4%         N/A       54%         3
 Freezing Cloud           Conj/Ice/Air   10%        6-21      88%         5
 Borgnjor's Revivificati  Necr           2%         N/A       100%        8
 Necromutation            Tmut/Necr      4%         N/A       100%        8
 Death's Door             Necr           2%         N/A       100%        9


Dungeon Overview and Level Annotations

Branches:
Dungeon (6/15)             Temple (1/1) D:6

Shops:
D:6 =

Annotations:
D:5 Prince Ribbit
D:6 Maggie


Innate Abilities, Weirdness & Mutations

You have an increased reservoir of magic. (+10% MP)
You shall have no god before yourself.
Your divine heritage dramatically boosts your attributes as you level up.


Message History

The bullfrog is severely wounded.
The bullfrog hits you but does no damage.
The magic dart hits the bullfrog!
You kill the bullfrog!
Your Translocations skill increases to level 1!
You start resting.
Magic restored.
Casting: Magic Dart (safe; 1% risk of failure)
Confirm with . or Enter, or press ? or * to list all spells.
Okay, then.
Unknown command.
The two-headed ogre shouts in stereo!
A two-headed ogre is nearby!
Casting: Magic Dart (safe; 1% risk of failure)
Confirm with . or Enter, or press ? or * to list all spells.
Aiming: Searing Ray (safe; 2% risk of failure)
Press: ? - help, Shift-Dir - straight line, f - two-headed ogre
Aim: a two-headed ogre, wielding a +0 giant spiked club and a +0 giant club (91% to hit)
The searing ray hits the two-headed ogre.
The two-headed ogre is lightly wounded. (Press . to maintain the ray.)
The searing ray hits the two-headed ogre.
The two-headed ogre is lightly wounded.
You barely miss the two-headed ogre.
The two-headed ogre is lightly wounded.
The two-headed ogre hits you with a +0 giant spiked club!!
* * * LOW HITPOINT WARNING * * *
The two-headed ogre closely misses you.
You hit the two-headed ogre.
The two-headed ogre is poisoned.
The two-headed ogre is lightly wounded.
The two-headed ogre hits you with a +0 giant spiked club!!
* * * LOW HITPOINT WARNING * * *
The two-headed ogre hits you with a +0 giant club.
* * * LOW HITPOINT WARNING * * *
You hit the two-headed ogre but do no damage.
The two-headed ogre is lightly wounded.
The two-headed ogre hits you with a +0 giant spiked club!
* * * LOW HITPOINT WARNING * * *
The two-headed ogre hits you with a +0 giant club!
You die...

........#####....O..#.# ##......
.......#####...#...##.####.......
#.##.......#.#...####............
.........#.#....## ##..####.####
.......#......### ###.## #..#
...###.###....# #...# ##.##
..####........######.#.# #..#
(..##....#..#..#.....#.###.##
.#..............@#####.#...#
...##....###...O## ###.#...#
∩..##....# #..#.# #.......#####
...........#..#.# #.......#.^.#
#...#............###.......#...#
#.......####..#............#...#
#...#...# ...###..............#
......... #... ...............#
.<....... ...####....#..#...#


You could see a two-headed ogre (very poisoned).

Vanquished Creatures
  Pikel (D:5)
  Eustachio (D:6)
  A water moccasin (D:5)
  Duvessa (D:5)
  An ogre (D:4)
  A lemure (D:5)
  A centaur (D:6)
  A phantom (D:4)
  A bullfrog (D:6)
  A kobold brigand (D:6)
  A scorpion (D:6)
  Dowan (D:5)
  A hound (D:4)
  A bullfrog zombie (D:5)
  A centaur skeleton (D:5)
  A bullfrog skeleton (D:5)
  An orc wizard (D:6)
  7 adders
  A shadow imp (D:5)
  2 ufetubi (D:5)
  3 adder skeletons (D:4)
  4 worms
  4 dart slugs
  7 orcs
  7 endoplasms
  5 giant cockroaches
  6 goblins
  6 hobgoblins
  5 quokkas
  10 ball pythons
  3 bats
  5 frilled lizards
  16 kobolds
  3 rats
111 creatures vanquished.

Vanquished Creatures (others)
  An orc wizard (D:6)
1 creature vanquished.

Grand Total: 112 creatures vanquished

Notes
Turn   | Place    | Note
-------+----------+-------------------------------------------
     0 | D:1      | pkoi the Demigod Conjurer began the quest for the Orb.
     0 | D:1      | Reached XP level 1. HP: 14/14 MP: 5/5
   318 | D:1      | Reached skill level 4 in Conjurations
   445 | D:1      | Reached XP level 2. HP: 20/20 MP: 5/7
   448 | D:1      | Learned a level 2 spell: Searing Ray
  1608 | D:2      | Reached XP level 3. HP: 12/26 MP: 3/8
  2588 | D:2      | You fall into a shaft and drop 2 floors!
  2589 | D:4      | Noticed a phantom
  2616 | D:4      | Learned a level 3 spell: Mephitic Cloud
  2865 | D:4      | Reached skill level 5 in Conjurations
  2891 | D:4      | Noticed an ogre
  2911 | D:4      | Killed an ogre
  2912 | D:4      | Reached skill level 1 in Air Magic
  2912 | D:4      | Reached skill level 1 in Poison Magic
  2912 | D:4      | Reached XP level 4. HP: 33/33 MP: 3/10
  2912 | D:4      | Reached XP level 5. HP: 38/38 MP: 3/11
  3614 | D:3      | Identified the +3 kite shield "Qicoq" {Str+3}
  4909 | D:4      | Reached XP level 6. HP: 46/46 MP: 6/12
  5395 | D:5      | Entered Level 5 of the Dungeon
  5426 | D:5      | Noticed Prince Ribbit
  5677 | D:5      | Noticed Pikel
  5818 | D:5      | Learned a level 3 spell: Ignite Poison
  5901 | D:5      | Noticed Duvessa
  5915 | D:5      | Noticed Dowan
  5928 | D:5      | Killed Duvessa
  5929 | D:5      | Reached skill level 1 in Fighting
  5929 | D:5      | Reached skill level 1 in Evocations
  5940 | D:5      | Killed Pikel
  5941 | D:5      | Reached skill level 1 in Armour
  5941 | D:5      | Reached skill level 6 in Conjurations
  5941 | D:5      | Reached skill level 1 in Transmutations
  5941 | D:5      | Reached skill level 1 in Fire Magic
  5941 | D:5      | Reached XP level 7. HP: 30/52 MP: 3/14
  5945 | D:5      | Killed Dowan
  7729 | D:6      | Reached XP level 8. HP: 60/60 MP: 9/15
  7898 | D:6      | Noticed a two-headed ogre
  7899 | D:6      | Noticed Eustachio
  7961 | D:6      | Found Xueth's Jewellery Shop.
  8127 | D:6      | Killed Eustachio
  8128 | D:6      | Reached skill level 5 in Armour
  8555 | D:5      | Learned a level 4 spell: Iskenderun's Mystic Blast
  8644 | D:6      | Noticed Maggie
  8694 | D:6      | Found a staircase to the Ecumenical Temple.
  8706 | Temple   | Entered the Ecumenical Temple
  8905 | D:6      | Reached skill level 1 in Translocations
  8971 | D:6      | Mangled by a two-headed ogre

Illustrated notes

Levels and vault maps discovered:
D:1:      tarquinn_simple_flora_water_f, layout_basic,
          dilly_ecumenical_altar_fadedgnrine, hex_tiny
D:2:      layout_loops_cross
D:3:      layout_rooms
D:4:      layout_basic
D:5:      layout_basic, hangedman_feature_mirror, uniq_duvessa,
          uniq_prince_ribbit1, uniq_pikel
D:6:      layout_rooms, minmay_temple_entry_antechambers, serial_shops, shop,
          uniq_eustachio, uniq_maggie
Temple:   nicolae_temple_elliptical

Skill      XL: |  1  2  3  4  5  6  7  8 |
---------------+-------------------------+-----
Conjurations   | 4 5 6 |  6.3
Spellcasting   | 2 3 |  3.0
Air Magic      | 1 2 |  2.2
Poison Magic   | 1 2 |  2.2
Dodging        | 2 |  2.7
Fighting       | 1 |  1.7
Evocations     | 1 |  1.7
Armour         | 1 3 5 |  5.3
Transmutations | 1 |  1.3
Fire Magic     | 1 |  1.4
Translocations | 1 |  1.0
Stealth        | |  1.7

Action                   |  1- 3 |  4- 6 |  7- 9 || total
-------------------------+-------+-------+-------++-------
Melee: Club              |     3 |       |       ||     3
       Short sword       |     5 |       |       ||     5
       Dagger            |    19 |    22 |    44 ||    85
 Cast: Magic Dart        |   103 |    94 |    51 ||   248
       Searing Ray       |     1 |     4 |     9 ||    14
  Use: Scroll            |     4 |     7 |     1 ||    12
       Potion            |     2 |       |       ||     2
 Stab: Sleeping          |     1 |       |       ||     1
Armor: Robe              |     5 |     6 |     1 ||    12
       Ring mail         |       |       |    40 ||    40
Dodge: Dodged            |    17 |    22 |    55 ||    94
